 Dungeon Crawl Stone Soup version 0.31-a0-700-gf13585253f (webtiles) character file.

Game seed: 2262135514705739923

430600 ragingrage the Skinwalker (level 22, -44/192 (209) HPs)
             Began as a Green Draconian Shapeshifter on Sept 7, 2023.
             Was the Champion of Wu Jian.
             Killed from afar by a fire giant (57 damage)
             ... with a fireball
             ... on level 3 of the Depths.
             The game lasted 01:40:51 (54338 turns).

ragingrage the Skinwalker (DrSh)                   Turns: 54338, Time: 01:40:51

HP:   -44/192 (209) AC: 23    Str: 24    XL:     22   Next: 83%
MP:   25/25         EV: 22    Int:  6    God:    Wu Jian [******]
Gold: 2270          SH:  0    Dex: 18    Spells: 21/25 levels left

rFire   . .          .
                       - Unarmed
rCold   + + .        (shield currently unavailable)
rNeg    . . .        (body armour unavailable)
rPois   +            X - +2 hat {SInv}
rElec   .            o - +2 cloak
rCorr   +            y - melded +1 pair of gloves {hurl}
SInv    +            O - +2 pair of boots
Will    ++...        R - amulet of Lir Atu {Drain rC+ Regen+ rCorr}
Stlth   +++          Y - +4 ring of protection
HPRegen 1.32/turn    U - ring "Veof" {rC+ Will+ Int-3 Dex+2 Slay+5}
MPRegen 0.19/turn

%: no passive effects
@: blade hands, studying Short Blades, drained
A: breathe noxious fumes, AC +11, unfitting armour, stinger 1, poison
resistance, cold-blooded, agile 1, dopey 1
}: 2/15 runes: decaying, serpentine
a: Breathe Noxious Fumes, Begin Untransformation, Renounce Religion, Wall Jump,
Serpent's Lash, Heavenly Storm


You were on level 3 of the Depths.
You worshipped Wu Jian.
Wu Jian was exalted by your worship.
You had blades for hands.
You visited 9 branches of the dungeon, and saw 42 of its levels.
You visited the Abyss 1 time.
You also visited: Bailey and Wizlab.

You collected 5562 gold pieces.
You spent 3292 gold pieces at shops.

Inventory:

Missiles
 r - 11 javelins
 v - 8 curare-tipped darts
 P - 2 throwing nets
Armour
 b - a +1 kite shield of reflection
 o - a +2 cloak (worn)
 y - a +1 pair of gloves of hurling (melded)
 I - a +1 buckler of protection
 O - a +2 pair of boots (worn)
 X - a +2 hat of see invisible (worn)
Jewellery
 t - a +4 ring of slaying
 Q - a ring of fire
 R - the amulet of Lir Atu (around neck) {Drain rC+ Regen+ rCorr}
   (You found it on level 1 of the Depths)

   [amulet of regeneration]

   rC+:       It protects you from cold.
   Regen+:    It increases your rate of health regeneration.
   rCorr:     It protects you from acid and corrosion.
   Drain:     It drains your maximum health when unequipped.
 U - the ring "Veof" (right blade hand) {rC+ Will+ Int-3 Dex+2 Slay+5}
   (You took it off a deep elf sorcerer on level 3 of the Elven Halls)

   [ring of protection from cold]

   Int-3:     It affects your intelligence (-3).
   Dex+2:     It affects your dexterity (+2).
   Slay+5:    It affects your accuracy & damage with ranged weapons and melee
   (+5).
   rC+:       It protects you from cold.
   Will+:     It increases your willpower.
 Y - a +4 ring of protection (left blade hand)
Talismans
 M - a talisman of death
Wands
 x - a wand of charming (14)
 D - a wand of quicksilver (30)
 G - a wand of digging (5)
 K - a wand of roots (13)
 L - a wand of flame (79)
 N - a wand of mindburst (21)
 S - a wand of polymorph (6)
Scrolls
 c - 6 scrolls of immolation
 d - 6 scrolls of revelation
 e - 2 scrolls of blinking
 h - 7 scrolls of fear
 k - 4 scrolls of poison
 n - 10 scrolls of teleportation
 s - 3 scrolls of vulnerability
 A - 2 scrolls of silence
 J - 8 scrolls of noise
 T - 3 scrolls of fog
 V - 4 scrolls of butterflies
Potions
 a - 5 potions of lignification
 f - 8 potions of might
 g - 5 potions of invisibility
 i - 4 potions of ambrosia
 j - 7 potions of enlightenment
 l - 10 potions of curing
 m - 6 potions of heal wounds
 p - 8 potions of haste
 q - 7 potions of berserk rage
 u - 3 potions of resistance
 w - 5 potions of mutation
 C - 6 potions of cancellation
 E - 7 potions of brilliance
 F - 7 potions of magic
 H - 4 potions of attraction
Miscellaneous
 z - a condenser vane


   Skills:
 - Level 20.0 Fighting
 - Level 4.0 Throwing
 - Level 15.0 Dodging
 - Level 5.0 Stealth
 - Level 18.0 Unarmed Combat
 - Level 2.0 Spellcasting
 - Level 5.0 Translocations
 - Level 6.0 Transmutations
 - Level 18.7 Evocations
 + Level 21.8 Shapeshifting


You had 21 spell levels left.
You knew the following spells:

 Your Spells              Type           Power      Damage    Failure   Level
a - Wereblood             Tmut           7%         N/A       5%          2
b - Blink                 Tloc           12%        N/A       8%          2

Your spell library contained the following spells:

 Spells                   Type           Power      Damage    Failure   Level
 Lesser Beckoning         Tloc           12%        N/A       8%          2
 Sting                    Tmut/Pois      16%        1d3       12%         1
 Passwall                 Tmut/Erth      3%         N/A       19%         2
 Momentum Strike          Conj/Tloc      6%         3d8       22%         2
 Magic Dart               Conj           0%         1d3       38%         1
 Necrotise                Necr           0%         1d4       38%         1
 Sandblast                Erth           0%         2d4       38%         1
 Shock                    Conj/Air       0%         1d3       38%         1
 Slow                     Hex            0%         N/A       38%         1
 Volatile Blastmotes      Fire/Tloc      6%         2d10      41%         3
 Manifold Assault         Tloc           6%         N/A       45%         4
 Ignite Poison            Fire/Tmut/Pois 3%         N/A       47%         3
 Cigotuvi's Dreadful Rot  Necr/Pois/Air  0%         N/A       52%         2
 Ensorcelled Hibernation  Hex/Ice        0%         N/A       52%         2
 Poisonous Vapours        Pois/Air       0%         N/A       52%         2
 Searing Ray              Conj           0%         2d4       52%         2
 Static Discharge         Conj/Air       0%         2-2/arc   52%         2
 Sublimation of Blood     Necr           0%         N/A       52%         2
 Petrify                  Tmut/Erth      4%         N/A       75%         4
 Call Canine Familiar     Summ           0%         N/A       77%         3
 Confusing Touch          Hex            0%         N/A       77%         3
 Frozen Ramparts          Ice            0%         1d1       77%         3
 Inner Flame              Hex/Fire       0%         N/A       77%         3
 Mephitic Cloud           Conj/Pois/Air  0%         N/A       77%         3
 Sigil of Binding         Hex            0%         N/A       77%         3
 Stone Arrow              Conj/Erth      0%         3d7       77%         3
 Swiftness                Air            0%         N/A       77%         3
 Vampiric Draining        Necr           0%         2d6       77%         3
 Dimensional Bullseye     Hex/Tloc       1%         N/A       82%         4
 Iskenderun's Mystic Bla  Conj/Tloc      3%         2d3       82%         4
 Vhi's Electric Charge    Tloc/Air       6%         N/A       82%         4
 Alistair's Intoxication  Tmut/Pois      2%         N/A       97%         5
 Irradiate                Conj/Tmut      2%         3d12      97%         5
 Yara's Violent Unravell  Hex/Tmut       2%         3d3       97%         5
 Airstrike                Air            0%         2d(0-16)  99%         4
 Anguish                  Hex/Necr       0%         N/A       99%         4
 Animate Dead             Necr           0%         N/A       99%         4
 Cause Fear               Hex            0%         N/A       99%         4
 Fulminant Prism          Conj/Hex       0%         3d5       99%         4
 Leda's Liquefaction      Hex/Erth       0%         N/A       99%         4
 Summon Lightning Spire   Summ/Air       0%         N/A       99%         4
 Summon Forest            Summ/Tloc      1%         N/A       99%         5
 Agony                    Necr           0%         N/A       100%        5
 Arcjolt                  Conj/Air       0%         1d10      100%        5
 Fireball                 Conj/Fire      0%         3d3       100%        5
 Freezing Cloud           Conj/Ice/Air   0%         6-21      100%        5
 Lee's Rapid Deconstruct  Erth           0%         3d4*      100%        5
 Metabolic Englaciation   Hex/Ice        0%         N/A       100%        5
 Summon Mana Viper        Hex/Summ       0%         N/A       100%        5
 Dispersal                Tloc           3%         N/A       100%        6
 Eringya's Noxious Bog    Tmut/Pois      2%         4d6       100%        6
 Leda's Unmaking          Conj/Erth      0%         9d1       100%        6
 Plasma Beam              Fire/Air       0%         2x1d10    100%        6
 Simulacrum               Ice/Necr       0%         N/A       100%        6
 Summon Cactus Giant      Summ           0%         N/A       100%        6
 Enfeeble                 Hex            0%         N/A       100%        7
 Haunt                    Necr/Summ      0%         N/A       100%        7
 Malign Gateway           Summ/Tloc      1%         N/A       100%        7
 Orb of Destruction       Conj           0%         9d5       100%        7
 Ozocubu's Refrigeration  Ice            0%         4d7       100%        7
 Summon Hydra             Summ           0%         N/A       100%        7
 Maxwell's Capacitive Co  Air            0%         ∞         100%        8
 Summon Horrible Things   Summ           0%         N/A       100%        8
 Chain Lightning          Conj/Air       0%         N/A       100%        9
 Dragon's Call            Summ           0%         N/A       100%        9
 Fire Storm               Conj/Fire      0%         5d1       100%        9
 Animate Armour           Summ/Erth      Unusable   N/A       N/A         4

Dungeon Overview and Level Annotations

Branches:
Dungeon (15/15)            Temple (1/1) D:4            Lair (5/5) D:11
  Swamp (4/4) Lair:2        Snake (4/4) Lair:2        Slime (0/5) Lair:4
    Orc (2/2) D:12            Elf (3/3) Orc:2        Vaults (4/5) D:14
  Crypt (0/3) Vaults:2     Depths (4/4) D:15         Bailey (visited)
 WizLab (visited)
    Zot: Depths:4

Altars:
Ashenzari
Cheibriados
Dithmenos
Elyvilon
Fedhas
Gozag
Hepliaklqana
Kikubaaqudgha
Makhleb
Nemelex Xobeh
Okawaru
Qazlal
Ru
Sif Muna
Trog
Uskayaw
Vehumet
Wu Jian
Xom
Yredelemnul
Zin
The Shining One
Jiyva

Shops:
D:4 ?   D:11 *   Orc:2 [=**[   Snake:1 ?   Snake:3 :=::   Vaults:4 !

Portals:
Hell: Depths:1 Depths:2 Depths:4
Abyss: Depths:1 Depths:3
Pandemonium: Depths:1 Depths:2 Depths:4
Ziggurat: Depths:3
Trove: Depths:2 (give +3 gold dragon scales)

Annotations:
Swamp:1 exclusion: oklob plant
Swamp:3 Mara
Elf:2 3 runed translucent doors
Depths:3 exclusions: 2 eyes of devastation, floating eye and shining eye
Depths:4 exclusion: 4 doors


Innate Abilities, Weirdness & Mutations

You have blades for hands.
You are incapable of wielding weapons or throwing items.
You can breathe blasts of noxious fumes.
Your lurid green scales are hard. (AC +11)
You cannot fit into any form of body armour.
Your tail ends in a venomous barb.
Your system is resistant to poisons. (rPois)
You are cold-blooded and may be slowed by cold attacks.
You are agile. (Dex +4, Str/Int -1)
You are dopey. (Int -2)


Message History

Options error: Bad colour 'boring' in message_colour setting: 'boring:disappears without a glow' Options error: Bad colour 'boring' in message_colour setting: 'boring:disappears without a sign' Options error: Bad colour 'boring' in message_colour setting: 'boring:glow with a rainbow of weird colours and disappear' Options error: Bad colour 'boring' in message_colour setting: 'boring:glows slightly and disappears' Options error: Bad colour 'boring' in message_colour setting: 'boring:is slowly consumed by flames' Options error: Bad colour 'boring' in message_colour setting: 'boring:slowly burns to ash' Options error: Bad colour 'boring' in message_colour setting: 'boring:slowly crumbles into the ground' Options error: Bad colour 'boring' in message_colour setting: 'boring:shimmers? and breaks? into pieces' Options error: Bad colour 'boring' in message_colour setting: 'boring:disappears into the void' Options error: Bad colour 'boring' in message_colour setting: 'boring:stares at you suspiciously for a moment' Options error: Bad colour 'boring' in message_colour setting: 'boring:trembles before you' Options error: Bad colour 'boring' in message_colour setting: 'boring:You feel mildly nauseous' Options error: Bad colour 'boring' in message_colour setting: 'boring:Multicoloured lights dance around' Options error: Missing colour in message_colour setting: 'Shift\-Dir \- straight line' Options error: Missing colour in message_colour setting: 'f \- you' Welcome back, ragingrage the Green Draconian Shapeshifter.
The Council says: Follow the path of wisdom and battle!
You feel much better. The shadow dragon closely misses you.
The shadow dragon claws you but does no damage.
The shadow dragon completely misses you.
Unknown command.
You shred the shadow dragon!!!
You tail-slap the shadow dragon, but do no damage.
You barely miss the shadow dragon.
The shadow dragon breathes negative energy at you.
The bolt of negative energy misses you.
You slice the shadow dragon!! You tail-slap the shadow dragon!
You barely miss the shadow dragon. The shadow dragon misses you.
The shadow dragon claws you.
* * * LOW HITPOINT WARNING * * *
The shadow dragon closely misses you.
You slice the shadow dragon!!
You kill the shadow dragon!
The Council accepts your kill. The fire giant casts a spell at you.
The bolt of fire hits you!!
* * * LOW HITPOINT WARNING * * *
The fire giant casts a spell at you.
The fireball explodes!
The fireball engulfs you!!!
You die...

#..###'#[....#..#...##....##.....
....##()##..###..#..##.##.###....
....'....####.##..#..####........
#..##....##.#.).##.......##.##..#
######..###.....###.#...####..###
..####.......######.#..##.##.#
.............##.##.#####..##..
............##[..##.# ##.##..
#..........##@####### #####.
.#......##.##C# ###
.........##...# ##..
#.........#.##.# #.#.
#.#..#...)..##.# ###.
..##.#.........# #. #.##...#..#.#
## ............#.# # ..
...........#..# #


You could see a fire giant.

Vanquished Creatures
  3 caustic shrikes (Depths:4)
  Margery (Vaults:3)
  2 golden dragons
  Jorgrun (Swamp:3)
  A walking earthen tome (Depths:3)
  3 tentacled monstrosities
  Mlioglotl (Swamp:2)
  2 liches (Depths:2)
  A walking frostbound tome (Depths:2)
  2 deep elf master archers (Elf:3)
  2 deep elf blademasters (Elf:3)
  4 sphinxes
  A titan (Depths:2)
  A walking divine tome (Depths:2)
  Gastronok (Lair:2)
  Kirke (Snake:4)
  2 tengu reavers
  Roxanne (D:14)
  Aizul (Snake:4)
  Donald (Snake:3)
  3 shadow dragons
  A fenstrider witch (Swamp:2)
  9 nagarajas
  5 fire giants
  6 frost giants
  An emperor scorpion (D:15)
  An iron dragon (Depths:1)
  5 deep elf sorcerers
  13 vault wardens
  7 deep elf elementalists (Elf:3)
  A cacodemon (Depths:1)
  2 orc warlords
  3 demonspawn corrupters (WizLab)
  3 spriggan defenders
  11 ironbound preservers
  A formless jellyfish (Vaults:1)
  2 war gargoyles
  4 very ugly things (Depths:2)
  14 stone giants
  7 ironbound thunderhulks
  Nessos (D:12)
  2 vampire knights
  2 deep elf demonologists (Elf:3)
  2 eleionomae
  11 deep elf annihilators
  7 dire elephants
  5 bunyips
  Snorg (D:10)
  A spark wasp (Depths:1)
  A crystal guardian (Vaults:3)
  11 ettins
  8 fire dragons
  2 deep elf death magi (Elf:3)
  3 jiangshi (Depths:1)
  2 shambling mangroves (Swamp:4)
  The ghost of AiryTheDragon the Thaumaturge, a journeyman DsHW of Nemelex Xobeh (Lair:4)
  2 entropy weavers
  13 yaktaur captains
  6 deep elf high priests
  4 salamander tyrants
  6 great orbs of eyes
  3 ice dragons
  11 vault guards
  2 rakshasas
  Erolcha (D:12)
  A hell beast (Depths:2)
  2 peacekeepers
  A catoblepas (Lair:5)
  7 alligators
  8 spriggan air magi
  20 hydras
  2 death knights (Vaults:2)
  18 centaur warriors
  2 ghost crabs
  4 ogre magi
  5 ironbound frosthearts
  16 dancing weapons
  20 two-headed ogres
  5 boulder beetles
  A death yak (Lair:2)
  4 deep troll shamans
  2 merfolk aquamancers (WizLab)
  24 naga warriors
  3 anacondas
  A boulder beetle (shapeshifter) (Depths:1)
  4 tengu warriors
  6 deep troll earth magi
  19 naga sharpshooters
  An orc high priest (Orc:2)
  4 soul eaters
  13 shock serpents
  4 spriggan berserkers
  2 vampire magi
  6 spriggans
  11 deep elf knights
  10 hell knights
  The ghost of avis the Mimic, a journeyman FeSh of Gozag (Lair:2)
  2 skysharks
  A spectral death yak (Lair:4)
  11 iron trolls
  10 skeletal warriors
  A sea snake (Snake:2)
  A sixfirhy (Depths:2)
  10 deep elf archers
  2 flayed ghosts (Depths:2)
  6 salamander mystics
  5 glowing orange brains
  39 deep trolls
  5 goliath frogs
  A tengu zombie (Vaults:3)
  2 spriggan druids
  A sea snake (shapeshifter) (Depths:2)
  19 ironbound convokers
  11 swamp dragons
  3 bog bodies
  A spectral hydra (Lair:2)
  16 wizards
  Pikel (D:5)
  A steelbarb worm (shapeshifter) (Depths:1)
  8 orc knights
  3 naga ritualists
  4 necromancers
  A phantasmal warrior (Vaults:4)
  16 harpies
  2 starcursed masses (Abyss:2)
  29 deep elf pyromancers
  8 lindwurms
  An orc sorcerer (Orc:2)
  19 deep elf zephyrmancers
  3 manticores
  2 will-o-the-wisps
  6 worldbinders (WizLab)
  32 ugly things
  A spectral boulder beetle (Lair:4)
  A wolf spider (shapeshifter) (Depths:4)
  10 mana vipers
  7 cyclopes
  32 salamanders
  A guardian serpent (shapeshifter) (WizLab)
  A water nymph (WizLab)
  A cyclops (shapeshifter) (D:15)
  4 rust devils
  8 elephants (Lair:5)
  2 guardian serpents (Snake:1)
  13 vault sentinels
  2 eyes of devastation (shapeshifter)
  38 black mambas
  13 naga magi
  A torpor snail (Lair:2)
  10 cane toads
  An elf zombie (Vaults:3)
  3 gargoyles
  2 kobold demonologists
  An unseen horror (D:11)
  2 molten gargoyles (Lair:5)
  3 rime drakes
  An efreet (D:15)
  A komodo dragon (shapeshifter) (Depths:1)
  44 yaktaurs
  12 komodo dragons
  3 freezing wraiths
  A tengu conjurer (Depths:2)
  An ice devil (Depths:2)
  A merfolk (shapeshifter) (Depths:3)
  6 trolls
  6 meliai
  Grinder (D:5)
  12 blink frogs
  7 tyrant leeches
  8 hornets
  4 polar bears
  A spectral elephant (Lair:2)
  Sigmund (D:3)
  5 water elementals
  29 slime creatures
  2 shadows (D:12)
  6 air elementals
  51 yaks
  A yak (shapeshifter) (Elf:1)
  6 wyverns
  6 golden eyes (WizLab)
  2 wraiths
  A vampire (Bailey)
  4 fire elementals
  A spectral fire crab (Lair:4)
  A spectral komodo dragon (Lair:4)
  7 basilisks
  A neqoxec (Depths:1)
  5 steam dragons
  3 vampire mosquitoes
  A death yak simulacrum (Lair:4)
  A redback (Vaults:4)
  Edmund (D:5)
  45 nagas
  6 wargs
  18 swamp worms
  5 acid dragons
  4 hell hounds (Lair:5)
  A human skeleton (Vaults:3)
  22 water moccasins
  A floating eye (Depths:1)
  A meliai simulacrum (D:15)
  A floating eye (shapeshifter) (WizLab)
  2 ice beasts
  8 swamp drakes
  24 orc warriors
  An ettin simulacrum (Vaults:3)
  27 ogres
  A spectral blink frog (Lair:2)
  8 black bears
  2 sky beasts (D:7)
  A black mamba simulacrum (Lair:4)
  11 centaurs
  The ghost of MathMan16 the Magician, an amateur DjFE (D:3)
  6 boggarts
  11 wolves
  2 phantoms (D:6)
  2 kobold brigands
  12 bullfrogs
  2 gnoll sergeants
  2 necrophages (D:4)
  2 scorpions (D:6)
  A cane toad simulacrum (Lair:4)
  3 earth elementals
  A killer bee (D:11)
  10 electric eels
  8 vampire bats (Bailey)
  6 wolf zombies (Bailey)
  A crimson imp (D:12)
  8 howler monkeys
  A bullfrog zombie (D:4)
  5 lava snakes (Lair:5)
  A hound (D:5)
  4 jellies
  A human zombie (D:4)
  15 orc priests
  A gnoll bouda (D:9)
  3 sleepcaps
  33 orc wizards
  7 iguanas
  3 scorpion zombies (D:4)
  2 hound zombies (D:4)
  2 mummies (D:4)
  12 gnolls
  4 adders
  A hound simulacrum (D:3)
  2 white imps
  2 ufetubi
  A worm (D:2)
  3 dart slugs
  An adder simulacrum (D:3)
  70 orcs
  4 ball pythons
  8 endoplasms
  8 goblins
  9 hobgoblins
  5 jackals
  14 kobolds
  5 quokkas
  A ball python simulacrum (D:3)
  5 bats
  3 frilled lizards
  2 giant cockroach simulacra (D:3)
  23 orc zombies (Bailey)
  A quokka zombie (D:4)
  2 rats
1681 creatures vanquished.

Vanquished Creatures (others)
  A spriggan (Swamp:2)
  A deep elf knight (Elf:3)
  A titan skeleton (Vaults:3)
  A deep elf zephyrmancer (Elf:1)
  5 bloated husks
  A hornet (Swamp:2)
  A bat (D:2)
  2 foxfires (Swamp:1)
13 creatures vanquished.

Grand Total: 1694 creatures vanquished

Notes
Turn   | Place    | Note
-------+----------+-------------------------------------------
     0 | D:1      | ragingrage the Draconian Shapeshifter began the quest for
                  | the Orb.
     0 | D:1      | Reached XP level 1. HP: 16/16 MP: 1/1
   147 | D:1      | Reached XP level 2. HP: 23/23 MP: 2/2
  1011 | D:2      | Noticed a golden eye
  1014 | D:2      | Noticed a floating eye
  1016 | D:2      | Found a faded altar of an unknown god.
  1017 | D:2      | Noticed a floating eye
  1017 | D:2      | Noticed a great orb of eyes
  1135 | D:2      | Found a shadowy altar of Dithmenos.
  1144 | D:2      | Reached XP level 3. HP: 29/29 MP: 3/3
  1375 | D:2      | Reached XP level 4. HP: 21/36 MP: 4/4
  1642 | D:3      | Noticed Sigmund
  1813 | D:3      | Noticed MathMan16's ghost (amateur DjFE)
  2028 | D:3      | Noticed a black bear
  2042 | D:3      | Killed a black bear
  2043 | D:3      | Reached skill level 5 in Unarmed Combat
  2043 | D:3      | Reached XP level 5. HP: 18/45 MP: 5/5
  2210 | D:3      | Found a runed translucent gate.
  2211 | D:3      | Found a runed translucent gate.
  2212 | D:3      | Found a runed translucent gate.
  2694 | D:4      | Noticed an ice beast
  2708 | D:3      | Killed an ice beast
  2709 | D:3      | Reached XP level 6. HP: 15/51 MP: 6/6
  2986 | D:4      | Found a staircase to the Ecumenical Temple.
  2997 | Temple   | Entered the Ecumenical Temple
  3009 | Temple   | Became a worshipper of the Wu Jian Council
  3163 | D:4      | Found an ancient bone altar of Kikubaaqudgha.
  3241 | D:4      | Your scales start taking on a lurid green colour.
  3241 | D:4      | Reached XP level 7. HP: 57/59 MP: 7/7
  3241 | D:4      | Gained mutation: Your system is resistant to poisons.
                  | (rPois) [Green Draconian growth]
  3270 | D:4      | Reached skill level 4 in Shapeshifting
  3397 | D:4      | Found a basalt altar of Yredelemnul.
  3592 | D:4      | Found The Oracle's Delphic Readings.
  3596 | D:4      | Bought a scroll of teleportation for 39 gold pieces
  3697 | D:4      | Bought a scroll of identify for 26 gold pieces
  3971 | D:5      | Entered Level 5 of the Dungeon
  4157 | D:5      | Noticed Pikel
  4182 | D:5      | Killed Pikel
  4183 | D:5      | Reached skill level 5 in Fighting
  4183 | D:5      | Reached skill level 5 in Shapeshifting
  4183 | D:5      | Reached XP level 8. HP: 68/68 MP: 8/8
  4291 | D:5      | Noticed Edmund
  4299 | D:5      | Killed Edmund
  4328 | D:5      | Reached * piety under Wu Jian
  4632 | D:5      | Noticed Grinder
  4646 | D:5      | Killed Grinder
  4818 | D:6      | Reached skill level 6 in Shapeshifting
  4842 | D:6      | Reached XP level 9. HP: 74/74 MP: 9/9
  4907 | D:6      | Reached ** piety under Wu Jian
  4980 | D:6      | Reached skill level 10 in Unarmed Combat
  5417 | D:7      | Reached skill level 7 in Shapeshifting
  5620 | D:7      | Reached skill level 1 in Evocations
  5625 | D:7      | Found an opulent altar of Gozag.
  5786 | D:7      | Reached *** piety under Wu Jian
  6245 | D:8      | Noticed a two-headed ogre
  6251 | D:8      | Killed a two-headed ogre
  6252 | D:8      | Reached XP level 10. HP: 30/83 MP: 10/10
  6357 | D:8      | Found a hide-covered altar of Uskayaw.
  6455 | D:8      | Noticed a two-headed ogre
  6462 | D:8      | Killed a two-headed ogre
  6523 | D:8      | Found a glowing silver altar of Zin.
  6680 | D:8      | Found a snail-covered altar of Cheibriados.
  7083 | D:9      | Found a shimmering blue altar of Sif Muna.
  8016 | D:10     | Entered Level 10 of the Dungeon
  8105 | D:10     | Reached skill level 5 in Evocations
  8151 | D:10     | Found a flagged portal.
  8155 | D:10     | Reached **** piety under Wu Jian
  8162 | Bailey   | Entered a bailey
  8230 | Bailey   | Noticed a gargoyle
  8247 | Bailey   | Killed a gargoyle
  8404 | Bailey   | Reached XP level 11. HP: 83/92 MP: 11/11
  8407 | Bailey   | Reached ***** piety under Wu Jian
  8419 | Bailey   | Got the Handbook of Amorphous Abhorrent Deeds
  9396 | D:10     | Noticed Snorg
  9407 | D:10     | Killed Snorg
  9408 | D:10     | Reached skill level 5 in Dodging
  9722 | D:11     | Found a staircase to the Lair.
  9825 | D:11     | Reached skill level 8 in Shapeshifting
 10051 | D:11     | Found Aloenaj's Alliterative Armaments.
 10485 | D:11     | Noticed a two-headed ogre
 10492 | D:11     | Killed a two-headed ogre
 10796 | D:12     | Reached XP level 12. HP: 80/105 MP: 12/12
 10905 | D:12     | Noticed Nessos
 10911 | D:12     | Killed Nessos
 10912 | D:12     | Reached skill level 9 in Shapeshifting
 10940 | D:12     | Reached ****** piety under Wu Jian
 10953 | D:12     | Reached skill level 10 in Fighting
 10971 | D:12     | Found a staircase to the Orcish Mines.
 10977 | D:12     | Noticed Erolcha
 11031 | D:12     | Killed Erolcha
 11058 | D:12     | Reached skill level 10 in Shapeshifting
 11261 | D:12     | Reached skill level 1 in Throwing
 11530 | D:12     | Learned a level 2 spell: Wereblood
 11955 | Lair:1   | Entered Level 1 of the Lair of Beasts
 12516 | Lair:1   | Identified the +0 pair of gloves of the Cuttlefish {-Tele
                  | rF+ rN+}
 12752 | Lair:2   | Reached XP level 13. HP: 106/116 MP: 13/13
 12928 | Lair:2   | Found a staircase to the Snake Pit.
 13128 | Lair:2   | Noticed Gastronok
 13149 | Lair:2   | Killed Gastronok
 13406 | Lair:2   | Found a runed translucent door.
 13407 | Lair:2   | Identified the +8 trident of Experimentation {elec, rC-
                  | Dex+3 Stlth+}
 13409 | Lair:2   | Noticed avis's ghost (journeyman FeSh)
 15264 | Lair:4   | Reached skill level 15 in Unarmed Combat
 15417 | Lair:4   | Found a viscous altar of Jiyva.
 15418 | Lair:4   | Found a staircase to the Slime Pits.
 15640 | Lair:4   | Reached skill level 1 in Stealth
 15702 | Lair:4   | Reached skill level 1 in Transmutations
 15785 | Lair:4   | Found a runed translucent gate.
 15785 | Lair:4   | Found a runed translucent gate.
 15785 | Lair:4   | Found a runed translucent gate.
 15785 | Lair:4   | Noticed AiryTheDragon's ghost (journeyman DsHW)
 16055 | Lair:5   | Entered Level 5 of the Lair of Beasts
 16119 | Lair:5   | Gained mutation: Your tail ends in a venomous barb. [Green
                  | Draconian growth]
 16119 | Lair:5   | Reached XP level 14. HP: 103/126 MP: 14/14
 16165 | Lair:5   | Identified the +5 hand axe of Ancient Evil {flame, *Slow
                  | rC- Int+7 Dex+3}
 16411 | Lair:5   | Found a large runed translucent door.
 17129 | Lair:5   | Found a large runed translucent door.
 17153 | Lair:5   | HP: 4/127 [molten gargoyle/+0 mace (10)]
 18039 | Orc:1    | Entered Level 1 of the Orcish Mines
 18175 | Orc:2    | Entered Level 2 of the Orcish Mines
 18285 | Orc:2    | Found a staircase to the Elven Halls.
 18350 | Orc:2    | Found Ahia's Antique Armour Boutique.
 18614 | Orc:2    | Reached skill level 5 in Transmutations
 18662 | Orc:2    | Paralysed by something for 5 turns
 19140 | Orc:2    | Paralysed by an ogre mage for 2 turns
 19276 | Orc:2    | Reached XP level 15. HP: 129/138 MP: 15/15
 19372 | Orc:2    | Found Gofos's Jewellery Shop.
 19373 | Orc:2    | Found Ulojim's Assorted Antiques.
 19373 | Orc:2    | Found Vulegez's Armour Boutique.
 19373 | Orc:2    | Found Okkuhiun's General Store.
 19432 | Orc:2    | Bought a scroll of enchant armour for 105 gold pieces
 19432 | Orc:2    | Bought a scroll of fog for 56 gold pieces
 19433 | Orc:2    | Bought a condenser vane for 1440 gold pieces
 19433 | Orc:2    | Bought an amethyst potion for 32 gold pieces
 19932 | Snake:1  | Entered Level 1 of the Snake Pit
 20018 | Lair:2   | Reached skill level 10 in Dodging
 20188 | Lair:2   | Found a staircase to the Swamp.
 20282 | Lair:2   | Killed avis's ghost
 20627 | D:3      | Killed Sigmund
 20635 | D:3      | Found a white marble altar of Elyvilon.
 20640 | D:3      | Found a stormy altar of Qazlal.
 20725 | D:3      | Killed MathMan16's ghost
 21124 | Snake:1  | Reached skill level 11 in Shapeshifting
 21561 | Snake:2  | Noticed Vashnia
 21784 | Snake:2  | Found a flickering gateway to a bazaar.
 21792 | Snake:1  | Reached skill level 5 in Stealth
 22022 | Snake:1  | Learned a level 2 spell: Blink
 22090 | Snake:1  | Reached skill level 1 in Translocations
 22435 | Snake:1  | Found Tetsein's Magic Scroll Boutique.
 22442 | Snake:1  | Bought a scroll of immolation for 52 gold pieces
 22569 | Snake:1  | Reached skill level 15 in Fighting
 22873 | Snake:2  | Reached XP level 16. HP: 108/149 MP: 7/16
 23206 | Snake:2  | Vashnia changed into Vashnia the iron troll
 23206 | Snake:2  | Noticed Vashnia
 23504 | Snake:1  | Killed Vashnia the iron troll
 24832 | Snake:3  | Found Luosi's Vocational Training.
 25080 | Snake:3  | Reached skill level 10 in Evocations
 25216 | Snake:3  | Found Lotaet Joho's Book Shoppe.
 25216 | Snake:3  | Found Qusheos's Jewellery Boutique.
 25217 | Snake:3  | Found Zoosuige's Book Shoppe.
 25332 | Snake:4  | Entered Level 4 of the Snake Pit
 26434 | Snake:4  | Noticed Donald
 26455 | Snake:3  | Killed Donald
 26497 | Snake:4  | Noticed Aizul
 26508 | Snake:4  | Killed Aizul
 26519 | Snake:4  | Upgraded the game from 0.31-a0-691-g409c26aa35 to
                  | 0.31-a0-700-gf13585253f
 27604 | Snake:4  | Reached XP level 17. HP: 151/161 MP: 17/17
 28011 | Snake:4  | Got a serpentine rune of Zot
 28121 | Snake:4  | Noticed Kirke
 28129 | Snake:4  | Killed Kirke
 28389 | Lair:4   | Killed AiryTheDragon's ghost
 28575 | Swamp:1  | Entered Level 1 of the Swamp
 29545 | Swamp:2  | Paralysed by a fenstrider witch for 2 turns
 29651 | Swamp:2  | Noticed Mlioglotl
 29664 | Swamp:2  | Killed Mlioglotl
 30246 | Swamp:3  | Noticed Jorgrun
 30387 | Swamp:3  | Killed Jorgrun
 30510 | Swamp:3  | Noticed a tentacled monstrosity
 30521 | Swamp:3  | Killed a tentacled monstrosity
 30944 | Swamp:3  | Noticed Mara
 31249 | Swamp:4  | Entered Level 4 of the Swamp
 31725 | Swamp:4  | Got a decaying rune of Zot
 32113 | Swamp:4  | Reached XP level 18. HP: 152/173 MP: 18/18
 32638 | Elf:1    | Entered Level 1 of the Elven Halls
 32733 | Abyss:2  | Cast into level 2 of the Abyss (a wizard)
 32759 | Elf:1    | Escaped the Abyss
 32925 | Elf:1    | Paralysed by an air elemental for 1 turns
 32929 | Elf:1    | Paralysed by an air elemental for 1 turns
 33497 | Elf:1    | Identified the +4 dagger of Cuydetex {flame, rElec Will+
                  | Int-3}
 33497 | Elf:1    | Identified the staff "Okix" {+Blink rPois Dex+4 Poison}
 34098 | Elf:2    | Paralysed by an air elemental for 1 turns
 34140 | Elf:2    | Identified the +10 trident "Qaliugh" {speed, rCorr Str+8
                  | Dex+3 Stlth-}
 34443 | Elf:2    | Paralysed by an air elemental for 1 turns
 34461 | Elf:2    | Found a runed translucent gate.
 34461 | Elf:2    | Found a runed translucent gate.
 34461 | Elf:2    | Found a runed translucent gate.
 34518 | Elf:3    | Entered Level 3 of the Elven Halls
 34864 | Elf:3    | Paralysed by an air elemental for 1 turns
 34991 | Elf:3    | Paralysed by an air elemental for 1 turns
 35085 | Elf:3    | Identified a scroll of acquirement
 35085 | Elf:3    | Acquired the +0 pair of gloves "Oxic" {+Blink rElec Dex-2}
 35131 | Elf:3    | Reached skill level 15 in Evocations
 36687 | Elf:3    | Identified the +0 buckler of Quamp {-Tele rN+ SInv}
 36927 | Elf:3    | Identified the ring "Veof" {rC+ Will+ Int-3 Dex+2 Slay+5}
 36958 | Elf:3    | Reached XP level 19. HP: 165/185 MP: 19/19
 36968 | Elf:3    | Identified the +3 ice dragon scales of Unreason {rElec rF-
                  | rC++ Str+2 Int+3}
 36974 | Elf:3    | HP: 2/185 [deep elf master archer/arrow (8)]
 37346 | Elf:3    | Acquired 887 gold pieces
 37678 | Snake:3  | Bought a manual of Evocations for 1200 gold pieces
 38142 | Elf:3    | Got the Directory of Misfortune and Outbursts
 38144 | Elf:3    | Got the Exposition on Points and Mortification
 38145 | Elf:3    | Identified the staff of Modesty {rF+ rN+ Stlth+ Necro}
 38152 | Elf:3    | Identified the staff "Dilel" {Hexes Earth}
 38168 | Elf:3    | Got Afru's Tractate on the Frostbound Figure
 38940 | D:13     | Identified the +8 mace "Xuutz" {venom, *Rage rPois rC+
                  | Will+}
 39695 | D:14     | Noticed Roxanne
 39905 | D:14     | Found a gate to the Vaults.
 40370 | D:14     | Killed Roxanne
 40405 | D:15     | Entered Level 15 of the Dungeon
 40639 | D:15     | Found a staircase to the Depths.
 41340 | Vaults:1 | Entered Level 1 of the Vaults
 43933 | Vaults:2 | Found a magical portal.
 43941 | WizLab   | Entered Alistair's Party Mansion
 44056 | WizLab   | Reached XP level 20. HP: 193/193 MP: 20/20
 44090 | WizLab   | Reached skill level 1 in Spellcasting
 44292 | WizLab   | Got Sif Muna's Tome of the Mutated Tincture
 44384 | WizLab   | Got Kuhytel's Papyrus of Altered Filth
 44416 | WizLab   | Reached skill level 12 in Shapeshifting
 44705 | Vaults:2 | Reached skill level 15 in Dodging
 45285 | Vaults:2 | Acquired 490 gold pieces
 45337 | Vaults:2 | Reached skill level 13 in Shapeshifting
 45560 | Vaults:2 | Found a staircase to the Crypt.
 45823 | Vaults:2 | Reached skill level 14 in Shapeshifting
 46180 | Vaults:2 | Identified the +4 scale mail "Yruygem" {Contam rCorr MP+9
                  | Int+6}
 46623 | Vaults:3 | Reached skill level 15 in Shapeshifting
 46795 | Vaults:3 | Noticed Margery
 46827 | Vaults:3 | HP: 7/193 [deep troll[an ironbound preserver] (13)]
 47356 | Vaults:3 | HP: 8/193 [Margery/fireball (37)]
 47620 | Vaults:3 | Killed Margery
 47621 | Vaults:3 | Reached skill level 16 in Shapeshifting
 47625 | Vaults:3 | Reached XP level 21. HP: 181/201 MP: 24/24
 48687 | Vaults:4 | Reached skill level 17 in Shapeshifting
 49324 | Vaults:4 | Found Xuudor's Distillery.
 49331 | Vaults:4 | Bought a potion of heal wounds for 95 gold pieces
 49331 | Vaults:4 | Bought a potion of heal wounds for 95 gold pieces
 49331 | Vaults:4 | Bought a potion of cancellation for 152 gold pieces
 49426 | Vaults:4 | Reached skill level 18 in Shapeshifting
 50136 | Depths:1 | Entered Level 1 of the Depths
 50324 | Depths:1 | Found a one-way gate to the infinite horrors of the Abyss.
 50340 | Depths:1 | Noticed a golden dragon
 50351 | Depths:1 | Killed a golden dragon
 50561 | Depths:1 | Found a one-way gate leading to the halls of Pandemonium.
 50562 | Depths:1 | Gained mutation: You are weak. (Str -2) [a cacodemon]
 50564 | Depths:1 | Gained mutation: You do not regenerate when monsters are
                  | visible. [a cacodemon]
 50579 | Depths:1 | Lost mutation: You do not regenerate when monsters are
                  | visible. [potion of mutation]
 50579 | Depths:1 | Lost mutation: You are weak. (Str -2) [potion of mutation]
 50579 | Depths:1 | Gained mutation: You are dopey. (Int -2) [potion of
                  | mutation]
 50579 | Depths:1 | Gained mutation: You are agile. (Dex +4, Str/Int -1)
                  | [potion of mutation]
 50786 | Depths:1 | Got the Elucidation of Kinetic Energy
 50798 | Depths:1 | Reached skill level 19 in Shapeshifting
 50799 | Depths:1 | Identified the amulet of Lir Atu {Drain rC+ Regen+ rCorr}
 51306 | Depths:1 | Reached skill level 5 in Translocations
 51370 | Depths:1 | Found a gateway to Hell.
 51528 | Depths:1 | Got the Almanac of the Mutable Wind
 51570 | Depths:1 | Identified the +9 glaive "Ryupaf" {protect, *Slow Fragile
                  | Int+4 Dex+7}
 51742 | Depths:2 | Reached XP level 22. HP: 179/208 MP: 20/25
 52178 | Depths:2 | Noticed a golden dragon
 52197 | Depths:2 | Killed a golden dragon
 52597 | Depths:2 | You fall into a shaft and drop 2 floors!
 52597 | Depths:4 | Entered Level 4 of the Depths
 52619 | Depths:4 | Noticed a caustic shrike
 52621 | Depths:4 | Reached skill level 20 in Shapeshifting
 52625 | Depths:4 | Noticed a caustic shrike
 52627 | Depths:4 | Killed a caustic shrike
 52632 | Depths:4 | Killed a caustic shrike
 52654 | Depths:4 | Noticed a caustic shrike
 52661 | Depths:4 | Killed a caustic shrike
 52675 | Depths:4 | Found a sacrificial altar of Ru.
 52675 | Depths:4 | Found a broken altar of Ashenzari.
 53150 | Depths:2 | Found a portal to a secret trove of treasure.
 53478 | Depths:3 | Reached skill level 21 in Shapeshifting
 54302 | Depths:3 | Found a one-way gateway to a ziggurat.
 54338 | Depths:3 | Killed from afar by a fire giant

Illustrated notes

Levels and vault maps discovered:
D:1:      lightli_arrival_chessboard, layout_basic, grunt_decor_one_mirror
D:2:      layout_basic, basic_altar, hellmonk_ecumenical_altar_watching_god,
          minmay_misc_feat_plants, minmay_misc_feat_tiny
D:3:      layout_loops_corners, mainiacjoe_overflow_big_doors,
          gammafunk_ghost_icy, hangedman_glass_teeth, nrook_mini_vaults,
          uniq_sigmund
D:4:      layout_basic, lemuel_mausoleum_altar_kikubaaqudgha,
          kennysheep_little_box, minmay_temple_entry_statues_pillars,
          nicolae_nh_oracle_at_delphi
D:5:      layout_basic, uniq_edmund, uniq_pikel, uniq_grinder
D:6:      minmay_flawed_box, layout_basic, minmay_misc_feat_doors
D:7:      layout_basic, lemuel_tele_altar
D:8:      layout_loops_corners, mainiacjoe_overflow_brackets,
          mainiacjoe_overflow_alcove_2, zin_treasury, serial_bayou_pond_a
D:9:      layout_grid_maze, mainiacjoe_overflow_24_doors
D:10:     layout_basic, enter_bailey_3, kennysheep_generic_room_13, uniq_snorg
D:11:     layout_basic, due_lair_maze_entry_diamond, st_stairs_9,
          monkooky_shop_alliterative
D:12:     layout_loops_ring, erik_orc_4, lightli_wizard_tower, uniq_nessos,
          uniq_erolcha
D:13:     layout_loops_corners
D:14:     layout_loops_corners, david_vaults_4, uniq_roxanne
D:15:     hangedman_depths_entry_try_elsewhere_first, layout_cave_pods,
          grunt_decor_fettered
Temple:   hellmonk_temple_forest_ring
Lair:1:   layout_roguey
Lair:2:   layout_gridlike, nicolae_swamp_entry_spooky,
          minmay_snake_entry_six_corridors, ebering_ghost_funeral_grove,
          st_stairs_3, lemuel_fruit_tree, serial_bayou_shore_b, uniq_gastronok
Lair:3:   layout_layer_cave, serial_bayou, serial_bayou_pond_a,
          serial_bayou_lagoon_a, serial_bayou_pond_b, serial_bayou_lake_a
Lair:4:   layout_long_grid, dpeg_slime_entry_enclosed,
          gammafunk_ghost_necromancy, grunt_megastairs_3, serial_bayou_shore_a
Lair:5:   cheibrodos_lair_end_hotspot, layout_hall_layers
Swamp:1:  layout_basic_swamp, hangedman_swamp_diagram, swamp_pool5,
          nicolae_swamp_oklob_treasure_island
Swamp:2:  layout_basic_swamp, nicolae_swamp_rocky_clearing, swamp_pool1,
          uniq_mlioglotl
Swamp:3:  layout_basic_swamp, serial_swamp_ruin, hangedman_swamp_ruin_wall,
          evilmike_swamp_ruin_rubble_1, evilmike_swamp_ruin_wall, uniq_jorgrun,
          uniq_mara
Swamp:4:  swamp_alternative, layout_basic_swamp, swamp_pool2
Snake:1:  hangedman_cross_stitches, layout_grid_shapes, serial_shops,
          nicolae_shop_crystal, nicolae_snake_salamander_zone
Snake:2:  layout_rooms, serial_shops, bzr_in_the_mist, nicolae_snake_bzzzt,
          uniq_vashnia
Snake:3:  nicolae_snakescales, layout_chambers, portal_ice_cave_entry_pillars_1,
          nicolae_shop_vocational, minmay_shop_grove
Snake:4:  minmay_snake_end_coiled, layout_cave_town, drop_trap, uniq_aizul,
          uniq_donald, uniq_kirke
Orc:1:    layout_caves, basic_altar
Orc:2:    st_orc_ogre_mass, layout_caves, serial_shops,
          nicolae_shop_window_shopping
Elf:1:    minmay_the_grid_plus [minmay_the_grid_x, minmay_the_grid_plusring,
          minmay_the_grid_embedded, minmay_the_grid_eight,
          minmay_the_grid_prize_shrinking_boxes], layout_geoelf_diagonals,
          hangedman_elf_disciples
Elf:2:    nicolae_elf_blades_splatter_lattice [mumra_blade_entry_dagger],
          layout_geoelf_diagonals
Elf:3:    minmay_elf_hall_curves, layout_gridlike
Vaults:1: grunt_vaults_hallway_short, v_alt_pattern_4, hangedman_vaults_impose,
          nicolae_vaults_trapezoid_lopsided_4, nicolae_vaults_closet_pinwheel_5,
          vaults_room_door_hall, ontoclasm_vaults_shuriken, vaults_room_fours,
          layout_vaults_quadrants
Vaults:2: infiniplex_enter_wizlab_spiral, v_rooms_5, blue_anna_dwarven_crypt,
          nicolae_vaults_closet_pinwheel_1, v_misc_26, ontoclasm_vaults_twist,
          v_misc_29, nicolae_vaults_quadrants, nicolae_vaults_closet_pinwheel_6,
          v_pattern_2, nicolae_vaults_circle_grid_b, nicolae_vaults_cochlea,
          nicolae_vaults_rhombus_5, layout_vaults_ring
Vaults:3: dpeg_vaults_monster_box, v_rooms_1, nicolae_vaults_oval_intersection,
          v_alt_pattern_3, v_alt_pattern_3, nicolae_vaults_spaceships,
          vaults_mumra_minichess, nicolae_vaults_double_plus_3,
          vaults_dpeg_diagonal, v_misc_18, ontoclasm_vaults_gateway,
          nicolae_vaults_trapezoid_1, nicolae_vaults_apartment_1,
          vaults_dpeg_ring, layout_vaults_omnicross, uniq_margery
Vaults:4: v_misc_2, nicolae_vaults_mitosis, v_misc_4,
          nicolae_vaults_ellipses_ellipsis, st_star,
          nicolae_vaults_closet_pinwheel_1, hangedman_vaults_river_flow,
          hangedman_vaults_impose, nicolae_vaults_house_1,
          nicolae_vaults_little_squares_1, nicolae_vaults_tetromino_Z_2,
          vaults_room_hallway, layout_vaults_omnibox, serial_shops,
          nicolae_shop_industrial_runoff
Depths:1: layout_roguey, abyss_entry, rand_demon_pan_entry_3,
          pf_hell_entry_tar_spiral, minmay_swirly_circle
Depths:2: minmay_rotating_shell, layout_small_grid, hell_entry,
          grunt_pan_entry_sceptre, enter_trove_5, infiniplex_staircase_star
Depths:3: minmay_bubble_buster, layout_cave_shapes, enter_ziggurat_c,
          grunt_gozag_breadcrumbs, hell_entry, abyss_entry,
          infiniplex_staircase_squiggle
Depths:4: hangedman_slaughterboxes, pan_entry, hell_entry

Skill      XL: |  1  2  3  4  5  6  7  8  9 10 11 12 13 14 15 16 17 18 19 20 21 22 |
---------------+-------------------------------------------------------------------+-----
Fighting       | 2 3 4 5 7 9 11 12 14 15 17 19 20 | 20.0
Unarmed Combat | 4 5 6 7 9 11 12 13 15 16 17 18 | 18.0
Shapeshifting  | 5 6 7 8 10 11 16 19 21 | 21.8
Dodging        | 3 4 6 7 9 10 11 13 14 15 | 15.0
Evocations     | 2 5 6 9 10 12 15 18 | 18.7
Throwing       | 3 4 |  4.0
Stealth        | 2 3 5 |  5.0
Transmutations | 2 5 6 |  6.0
Translocations | 4 5 |  5.0
Spellcasting   | 2 |  2.0

Action                     |  1- 3 |  4- 6 |  7- 9 | 10-12 | 13-15 | 16-18 | 19-21 | 22-24 || total
---------------------------+-------+-------+-------+-------+-------+-------+-------+-------++-------
  Melee: Unarmed           |    83 |   124 |   268 |   808 |  1085 |  1118 |  1277 |   319 ||  5082
         Tailslap          |    10 |    19 |    43 |   147 |   204 |   165 |   252 |    83 ||   923
         Punch             |     1 |     5 |     9 |       |    49 |   119 |   192 |    45 ||   420
   Cast: Wereblood         |       |       |       |       |    15 |     9 |    48 |    13 ||    85
         Blink             |       |       |       |       |     1 |       |       |       ||     1
 Invoke: Serpent's Lash    |       |       |       |       |     3 |     1 |     1 |       ||     5
         Heavenly Storm    |       |       |       |       |     1 |       |     2 |       ||     3
Ability: Begin Untransform |     1 |       |       |       |       |       |       |       ||     1
         Breathe Noxious F |       |       |    29 |    22 |    11 |    11 |     9 |     3 ||    85
         Lunge             |       |       |    36 |    83 |    70 |   117 |   129 |    38 ||   473
         Whirlwind         |       |       |     5 |    98 |   116 |    43 |   125 |     9 ||   396
         Wall Jump         |       |       |       |       |     1 |       |     1 |       ||     2
  Evoke: Wand              |       |       |       |     3 |    12 |    16 |     8 |       ||    39
         Condenser vane    |       |       |       |       |       |     2 |     2 |     1 ||     5
    Use: Scroll            |       |       |     2 |     7 |    21 |    14 |     9 |     1 ||    54
         Potion            |       |       |       |       |     6 |     1 |    12 |     1 ||    20
   Stab: Confused          |       |       |    13 |    23 |     2 |     4 |     8 |     3 ||    53
         Sleeping          |       |       |     2 |       |     1 |    17 |    22 |     4 ||    46
         Distracted        |       |       |       |       |     2 |     4 |     2 |       ||     8
 Armour: Skin              |    51 |    66 |   120 |   422 |   754 |   792 |   697 |   197 ||  3099
  Dodge: Dodged            |    65 |    64 |    89 |   364 |   658 |   583 |   676 |   238 ||  2737
         Repelled          |       |       |       |       |    12 |    42 |       |       ||    54
   Form: Flux              |       |       |     2 |       |     1 |       |       |       ||     3
         Beast             |       |       |     1 |       |       |       |       |       ||     1
         Blade             |       |       |       |       |     2 |     2 |     2 |       ||     6
                           |       |       |       |       |       |     2 |       |       ||     2
         Statue            |       |       |       |       |       |       |     1 |       ||     1
         Death             |       |       |       |       |       |       |     1 |       ||     1

Table legend: (Time is in decaauts)
 A = Elapsed time spent in this place.
 B = Non-inter-level travel time spent in this place.
 C = Inter-level travel time spent in this place.
 D = Time resting spent in this place.
 E = Time spent auto-exploring this place.
 F = Levels seen in this place.
 G = Mean time per level.
                   A        B        C        D        E       F      G
               +--------+--------+--------+--------+--------+-----+--------+
         Total |  53678 |  48516 |   5162 |   8414 |  29851 |  45 | 1192.8 |
       Dungeon |  16082 |  13856 |   2226 |    789 |  10781 |  15 | 1072.1 |
        Temple |     23 |      6 |     17 |      0 |      0 |   1 |   23.0 |
          Lair |   6939 |   6123 |    816 |    801 |   4184 |   5 | 1387.8 |
         Swamp |   4135 |   3924 |    211 |    911 |   2196 |   4 | 1033.8 |
     Snake Pit |   7331 |   6868 |    463 |   2059 |   2837 |   4 | 1832.8 |
  Orcish Mines |   1761 |   1527 |    234 |    261 |    849 |   2 |  880.5 |
   Elven Halls |   5269 |   4768 |    501 |   1476 |   2300 |   3 | 1756.3 |
        Vaults |   6988 |   6375 |    613 |   1183 |   4067 |   4 | 1747.0 |
        Depths |   4063 |   3985 |     78 |    674 |   2417 |   4 | 1015.8 |
         Abyss |     25 |     25 |      0 |     10 |      0 |   1 |   25.0 |
        Bailey |    369 |    369 |      0 |     43 |    159 |   1 |  369.0 |
        Wizlab |    687 |    687 |      0 |    204 |     58 |   1 |  687.0 |
               +--------+--------+--------+--------+--------+-----+--------+

Top non-repeatable levels by time:
   Elf:3: 3189 daAuts
 Snake:1: 2210 daAuts
Vaults:2: 2096 daAuts
 Snake:3: 2083 daAuts
Vaults:3: 2048 daAuts
  Lair:2: 1799 daAuts
  Lair:5: 1777 daAuts
 Snake:4: 1714 daAuts
Vaults:1: 1599 daAuts
    D:12: 1593 daAuts
  Lair:3: 1558 daAuts
Depths:2: 1508 daAuts
    D:14: 1474 daAuts
     D:3: 1471 daAuts
Depths:1: 1448 daAuts
